 Dungeon Crawl Stone Soup version 0.29-a0-553-g81b289dbe5 (webtiles) character file.

Game seed: 10585470188452541476

4301 Essalna the Skirmisher (level 10, -4/103 HPs)
             Began as a Yellow Draconian Transmuter on June 6, 2022.
             Was a Believer of Elyvilon.
             Slain by a gnoll sergeant
             ... wielding a +0 spear
              (10 damage)
             ... on level 9 of the Dungeon on June 7, 2022.
             The game lasted 00:18:20 (10980 turns).

Essalna the Skirmisher (DrTm)                      Turns: 10980, Time: 00:18:20

Health: -4/103     AC:  7    Str: 12    XL:     10   Next: 11%
Magic:  0/22       EV: 13    Int: 17    God:    Elyvilon [**....]
Gold:   359        SH:  0    Dex: 19    Spells: 8/13 levels left

rFire   x . .      SeeInvis .     - Unarmed
rCold   + + +      Faith    .   (shield currently unavailable)
rNeg    . . .      Spirit   +   (body armour unavailable)
rPois   +          Reflect  .   (helmet currently unavailable)
rElec   .          Harm     .   (cloak currently unavailable)
rCorr   .          Rampage  .   (gloves currently unavailable)
Will    .....                   (boots currently unavailable)
Stlth   ++........              e - amulet of guardian spirit
HPRegen 0.27/turn               q - +6 ring of dexterity
MPRegen 0.18/turn               v - ring of magical power

@: ice-form
A: freezing attack, amphibious, boosted hp, (spit acid), AC +7, large, unfitting
armour, (cold-blooded), (acid resistance)
a: End Transformation, Renounce Religion, Purification, Heal Other


You were on level 9 of the Dungeon.
You worshipped Elyvilon.
Elyvilon was pleased with you.
You were a creature of crystalline ice.
You visited 2 branches of the dungeon, and saw 10 of its levels.

You collected 359 gold pieces.

Inventory:

Armour
 F - a +1 cloak (melded)
 H - a scarf of repulsion
Jewellery
 e - an amulet of guardian spirit (around neck)
 q - a +6 ring of dexterity (left front paw)
 v - a ring of magical power (right front paw)
Wands
 o - a wand of charming (6)
 D - a wand of polymorph (8)
 G - a wand of iceblast (13)
Scrolls
 b - 8 scrolls of identify {unknown}
 c - 4 scrolls of fog {unknown}
 d - 2 scrolls of noise {unknown}
 h - 3 scrolls of enchant armour {unknown}
 i - 3 scrolls of immolation {unknown}
 k - 4 scrolls of fear {unknown}
 n - a scroll of blinking {unknown}
 s - a scroll of amnesia {unknown}
 t - 2 scrolls of silence {unknown}
 w - 5 scrolls of teleportation {unknown}
 x - 3 scrolls of magic mapping {unknown}
 y - 2 scrolls of vulnerability {unknown}
 C - a scroll of brand weapon {unknown}
 J - a scroll of summoning {unknown}
Potions
 a - a potion of lignification
 f - a potion of ambrosia {unknown}
 g - 2 potions of heal wounds
 j - 6 potions of flight
 l - a potion of cancellation {unknown}
 m - a potion of brilliance {unknown}
 p - a potion of invisibility
 r - a potion of attraction {unknown}
 u - 4 potions of curing {unknown}
 z - 3 potions of degeneration {unknown}
 A - a potion of mutation
 B - a potion of haste {unknown}
 E - 2 potions of resistance {unknown}
 I - a potion of magic {unknown}


   Skills:
 + Level 7.4 Fighting
 + Level 6.4 Dodging
 + Level 7.3 Unarmed Combat
 - Level 2.0 Spellcasting
 + Level 7.1 Transmutations
 + Level 5.7 Ice Magic


You had 8 spell levels left.
You knew the following spells:

 Your Spells              Type           Power      Damage    Failure   Level
a - Beastly Appendage     Tmut           50%        N/A       1%          1
b - Ice Form              Ice/Tmut       23%        N/A       14%         4

Your spell library contained the following spells:

 Spells                   Type           Power      Damage    Failure   Level
 Wereblood                Tmut           25%        N/A       1%          2
 Spider Form              Tmut/Pois      13%        N/A       14%         3
 Magic Dart               Conj           4%         1d3       19%         1
 Ignite Poison            Fire/Tmut/Pois 9%         N/A       22%         3
 Call Imp                 Summ           1%         N/A       28%         2
 Sublimation of Blood     Necr           1%         N/A       28%         2
 Dazzling Flash           Conj/Hex       2%         N/A       50%         3
 Mephitic Cloud           Conj/Pois/Air  1%         N/A       50%         3
 Cause Fear               Hex            0%         N/A       88%         4
 Iskenderun's Mystic Bla  Conj/Tloc      1%         2d3       88%         4
 Freezing Cloud           Conj/Ice/Air   4%         6-21      94%         5
 Starburst                Conj/Fire      0%         6d3       100%        6
 Dragon Form              Tmut           12%        N/A       100%        7
 Summon Hydra             Summ           0%         N/A       100%        7
 Dragon's Call            Summ           0%         N/A       100%        9


Dungeon Overview and Level Annotations

Branches:
Dungeon (9/15)             Temple (1/1) D:6
   Lair: D:8-11         Orc: D:9-12

Altars:
Ashenzari
Cheibriados
Dithmenos
Elyvilon
Fedhas
Gozag
Hepliaklqana
Kikubaaqudgha
Makhleb
Nemelex Xobeh
Okawaru
Qazlal
Ru
Sif Muna
Trog
Uskayaw
Vehumet
Xom
Zin
The Shining One

Shops:
D:3 (   D:5 *   D:6 [?(=?   D:7 =*(


Innate Abilities, Weirdness & Mutations

You are a creature of crystalline ice.
You have a powerful freezing melee attack.
You are amphibious.
Your maximum health is increased.
Your armour is entirely melded.
You are incapable of wielding weapons or throwing items.
((You can spit globs of acid.))
((Your golden yellow scales are hard. (AC +7)))
You cannot fit into any form of body armour.
((You are cold-blooded and may be slowed by cold attacks.))
((You are resistant to acid. (rCorr)))


Message History

The gnoll sergeant hits you with a +0 spear.
The gnoll hits you from afar with a +0 halberd!
You hit the gnoll sergeant but do no damage.
The troll bites you but does no damage. The troll closely misses you.
The troll claws you! The gnoll barely misses you.
The gnoll sergeant misses you.
You punch the gnoll sergeant! You freeze the gnoll sergeant.
The gnoll sergeant is severely wounded.
The troll barely misses you. The troll closely misses you. The troll claws you.
The gnoll closely misses you.
The gnoll sergeant hits you with a +0 spear.
You are too injured to fight recklessly!
You hit the troll but do no damage. The troll bites you!
The troll closely misses you. The troll claws you but does no damage.
The gnoll barely misses you.
The gnoll sergeant hits you with a +0 spear.
You barely miss the troll. You punch the troll! You freeze the troll.
The troll is moderately wounded.
The gnoll sergeant misses you. The troll bites you!
The troll barely misses you. The troll claws you! The gnoll barely misses you.
You punch the troll! You freeze the troll.
The troll is heavily wounded.
The troll bites you but does no damage. The troll claws you!
The troll barely misses you.
The gnoll hits you from afar with a +0 halberd!
* * * LOW HITPOINT WARNING * * *
The gnoll sergeant hits you with a +0 spear!
* * * LOW HITPOINT WARNING * * *
You hit the troll. You freeze the troll.
The troll is severely wounded.
The troll bites you!
* * * LOW HITPOINT WARNING * * *
The troll claws you.
* * * LOW HITPOINT WARNING * * *
The troll claws you but does no damage. The gnoll barely misses you.
The gnoll sergeant barely misses you.
The gnoll sergeant attacks as you move away!
The gnoll sergeant hits you with a +0 spear!
You die...

###### ......
...... ####
#...... ...
.......
#.##gg.....
#.#YT....[.
#<.........
#............
#.###..##+##.
... #.## ...#
### .... ...
..


You could see a troll, a gnoll sergeant and a gnoll.

Vanquished Creatures
  Pikel (D:6)
  Joseph (D:7)
  Maggie (D:8)
  A wraith (D:8)
  Sigmund (D:3)
  Eustachio (D:6)
  Menkaure (D:7)
  4 water moccasins
  2 orc warriors
  2 ice beasts
  A sky beast (D:7)
  2 ogres
  2 centaurs
  A phantom (D:6)
  Blork the orc (D:6)
  4 bullfrogs
  7 scorpions
  2 howler monkeys (D:4)
  A hound (D:5)
  5 orc priests
  Crazy Yiuf (D:7)
  5 iguanas
  Jessica (D:3)
  2 orc wizards
  Terence (D:2)
  Robin (D:3)
  3 adders
  3 gnolls (D:9)
  7 worms
  21 orcs
  8 bats
  4 endoplasms
  A giant cockroach (D:1)
  13 goblins
  4 hobgoblins
  3 jackals (D:4)
  3 quokkas
  5 ball pythons
  3 frilled lizards
  5 kobolds
  3 rats
138 creatures vanquished.

Vanquished Creatures (others)
  4 fungi (D:6)
4 creatures vanquished.

Grand Total: 142 creatures vanquished

Notes
Turn   | Place    | Note
-------+----------+-------------------------------------------
     0 | D:1      | Essalna the Draconian Transmuter began the quest for the
                  | Orb.
     0 | D:1      | Reached XP level 1. HP: 16/16 MP: 3/3
   375 | D:1      | Reached XP level 2. HP: 23/23 MP: 3/5
   873 | D:2      | Found a faded altar of an unknown god.
  1132 | D:2      | Reached XP level 3. HP: 29/29 MP: 3/6
  1367 | D:2      | Noticed Terence
  1421 | D:2      | Killed Terence
  1866 | D:2      | You fall into a shaft and drop 1 floor!
  1931 | D:3      | Noticed Sigmund
  1976 | D:3      | Found Lumuroemn's Antique Weapon Shoppe.
  1987 | D:3      | You fall into a shaft and drop 1 floor!
  2104 | D:4      | Reached XP level 4. HP: 35/36 MP: 4/7
  2134 | D:4      | Learned a level 4 spell: Ice Form
  2616 | D:3      | Noticed Jessica
  2992 | D:3      | Killed Sigmund
  2993 | D:3      | Reached XP level 5. HP: 5/45 MP: 1/8
  2993 | D:3      | Reached XP level 6. HP: 6/51 MP: 1/9
  3580 | D:3      | Noticed Robin
  3593 | D:3      | Killed Robin
  3869 | D:3      | Killed Jessica
  4912 | D:5      | Entered Level 5 of the Dungeon
  5076 | D:5      | Noticed a water moccasin
  5081 | D:5      | Killed a water moccasin
  5082 | D:5      | Reached skill level 1 in Ice Magic
  5090 | D:5      | Found Kokearan's General Store.
  5100 | D:5      | Your scales start taking on a golden yellow colour.
  5100 | D:5      | Reached XP level 7. HP: 52/59 MP: 10/10
  5100 | D:5      | Gained mutation: You are resistant to acid. (rCorr) [Yellow
                  | Draconian growth]
  5543 | D:5      | Reached skill level 5 in Unarmed Combat
  6030 | D:6      | Reached XP level 8. HP: 26/67 MP: 11/11
  6412 | D:6      | Found the +7 Singing Sword {vorpal, sonic wave}
  6498 | D:6      | Reached skill level 5 in Fighting
  6498 | D:6      | Reached skill level 5 in Transmutations
  6580 | D:6      | Found Ethapesu's Magic Scroll Shoppe.
  6661 | D:6      | Found Mummuogu's Antique Weapon Boutique.
  6677 | D:6      | Found Itwouneit's Magic Scroll Boutique.
  6742 | D:6      | Found Zoacio's Armour Shoppe.
  6819 | D:6      | Found a staircase to the Ecumenical Temple.
  6822 | D:6      | Noticed Eustachio
  6831 | Temple   | Entered the Ecumenical Temple
  7018 | Temple   | Became a worshipper of Elyvilon the Healer
  7069 | D:6      | Noticed Pikel
  7089 | D:6      | Killed Pikel
  7090 | D:6      | Reached skill level 5 in Dodging
  7310 | D:6      | Noticed Blork the orc
  7321 | D:6      | Killed Blork the orc
  7327 | D:6      | Found Adug's Jewellery Emporium.
  7573 | D:6      | Reached XP level 9. HP: 43/75 MP: 10/12
  7878 | D:6      | Killed Eustachio
  8154 | D:7      | Found Sezoal's Jewellery Shop.
  8240 | D:7      | Found Zepunnye's Weapon Shoppe.
  8279 | D:7      | Noticed Joseph
  8312 | D:7      | Killed Joseph
  8591 | D:7      | Reached * piety under Elyvilon
  8622 | D:7      | Found a burning altar of Makhleb.
  8811 | D:7      | Found a shimmering blue altar of Sif Muna.
  9001 | D:7      | Noticed Menkaure
  9010 | D:7      | Killed Menkaure
  9011 | D:7      | Reached skill level 5 in Ice Magic
  9576 | D:7      | Found a runed translucent door.
  9577 | D:7      | Noticed Crazy Yiuf
  9619 | D:7      | Found a hazy altar of Hepliaklqana.
  9656 | D:7      | Found Benguor's General Store.
  9745 | D:7      | Killed Crazy Yiuf
  9968 | D:8      | Found a sparkling altar of Nemelex Xobeh.
  9989 | D:8      | Reached ** piety under Elyvilon
 10055 | D:8      | Found an ancient bone altar of Kikubaaqudgha.
 10260 | D:8      | Found a sacrificial altar of Ru.
 10478 | D:8      | Reached XP level 10. HP: 86/86 MP: 13/13
 10486 | D:8      | Noticed Maggie
 10497 | D:8      | Killed Maggie
 10980 | D:9      | Slain by a gnoll sergeant

Illustrated notes

Levels and vault maps discovered:
D:1:      wander_arrival_fairy_ring, layout_basic, minmay_cupped
D:2:      layout_loops_ring, ebering_ecumenical_altar_box, uniq_terence
D:3:      layout_loops_cross, serial_shops, shop, uniq_robin, uniq_jessica,
          uniq_sigmund
D:4:      layout_layer_cave, kennysheep_minor_cross, patterned_corridor
D:5:      layout_basic, serial_shops, shop, grunt_ministairs_7
D:6:      old_forge, layout_loops_corners, minmay_temple_entry_hall,
          serial_shops, nicolae_shop_trees, shop, shop, shop,
          nicolae_diamond_shop, kennysheep_cluttered_room, uniq_pikel,
          uniq_eustachio, uniq_blork_the_orc
D:7:      layout_basic, pf_just_have_faith, tgw_sif,
          mainiacjoe_overflow_chevrons, serial_shops,
          nicolae_shop_advertising_works [nicolae_subvault_shop_adworks], shop,
          nicolae_stop_n_shop_2, uniq_menkaure, uniq_joseph,
          uniq_crazy_yiuf_cottage
D:8:      layout_loops_ring, lemuel_tele_altar, kiku_gazebo_pond_becter,
          nicolae_ru_sacrificial_ziggurat, uniq_maggie
D:9:      layout_rooms, gammafunk_temple_overflow_statue, serial_shops,
          shop_statue
Temple:   dpeg_chambers_temple

Skill      XL: |  1  2  3  4  5  6  7  8  9 10 |
---------------+-------------------------------+-----
Dodging        | 2 3 4 5 6 |  6.4
Fighting       | 2 3 4 6 7 |  7.4
Transmutations | 3 4 5 6 7 |  7.1
Unarmed Combat | 4 5 6 7 |  7.3
Ice Magic      | 1 2 4 5 |  5.7
Spellcasting   | |  2.0

Action                   |  1- 3 |  4- 6 |  7- 9 | 10-12 || total
-------------------------+-------+-------+-------+-------++-------
Melee: Unarmed           |   102 |   114 |   283 |    29 ||   528
       Kick              |    23 |    32 |    64 |       ||   119
       Punch             |     2 |     4 |    11 |       ||    17
       Tailslap          |     9 |    15 |    36 |       ||    60
       Headbutt          |    12 |    17 |    44 |       ||    73
 Cast: Beastly Appendage |    35 |    26 |    30 |       ||    91
       Ice Form          |       |       |     7 |     3 ||    10
 Abil: Breathe Acid      |       |       |     7 |       ||     7
  Use: Potion            |       |       |     5 |       ||     5
 Stab: Sleeping          |     1 |     2 |     2 |       ||     5
       Invisible         |       |       |     4 |       ||     4
Armor: Skin              |    24 |    32 |    63 |     7 ||   126
Dodge: Dodged            |    69 |    44 |   186 |    28 ||   327

Table legend: (Time is in decaauts)
 A = Elapsed time spent in this place.
 B = Non-inter-level travel time spent in this place.
 C = Inter-level travel time spent in this place.
 D = Time resting spent in this place.
 E = Time spent auto-exploring this place.
 F = Levels seen in this place.
 G = Mean time per level.
                   A        B        C        D        E       F      G
               +--------+--------+--------+--------+--------+-----+--------+
         Total |  10962 |  10455 |    507 |    257 |   8828 |  10 | 1096.2 |
       Dungeon |  10745 |  10264 |    481 |    257 |   8659 |   9 | 1193.9 |
        Temple |    217 |    191 |     26 |      0 |    169 |   1 |  217.0 |
               +--------+--------+--------+--------+--------+-----+--------+

Top non-repeatable levels by time:
     D:6: 1994 daAuts
     D:7: 1649 daAuts
     D:2: 1562 daAuts
     D:4: 1399 daAuts
     D:8: 1161 daAuts
     D:3: 1085 daAuts
     D:5: 1020 daAuts
     D:1: 859 daAuts
  Temple: 217 daAuts
     D:9: 13 daAuts
